 Dungeon Crawl Stone Soup version 0.28.0-1-gb440e238dd (webtiles) character file.

Game seed: 9880426687714744642

410 Ablot the Grasshopper (level 6, -9/51 HPs)
             Began as a Gnoll Warper on Feb 24, 2022.
             Mangled by Pikel (20 damage)
             ... on level 3 of the Dungeon.
             The game lasted 00:05:19 (2887 turns).

Ablot the Grasshopper (Gnoll Warper)                Turns: 2887, Time: 00:05:20

Health: -9/51      AC:  9    Str: 12    XL:     6   Next: 89%
Magic:  14/14      EV: 12    Int: 18    God:
Gold:   102        SH:  0    Dex: 16    Spells: 13/15 levels left

rFire   . . .      SeeInvis .   p - +4 mace of Famine {drain, *Rage Fly Will+ Dex+4}
rCold   . . .      Faith    .   (no shield)
rNeg    . . .      Spirit   .   j - +3 ring mail
rPois   .          Reflect  .   (no helmet)
rElec   .          Harm     .   r - +0 cloak
rCorr   .          Rampage  .   (no gloves)
Will    +....      Rage     20% (no boots)
Stlth   +.........              l - amulet of regeneration
HPRegen 0.97/turn               b - +6 ring of intelligence
MPRegen 0.14/turn               (no ring)

@: flying
A: fangs 1, strong nose, distributed training
a: no special abilities


You were on level 3 of the Dungeon.
You visited 1 branch of the dungeon, and saw 4 of its levels.

You collected 102 gold pieces.

Inventory:

Hand Weapons
 a - a +1 spear of venom
 p - the +4 mace of Famine (weapon) {drain, *Rage Fly Will+ Dex+4}
   (You found it on level 3 of the Dungeon)

   A truly terrible weapon, it drains the life of any living foe it strikes.
   Dex:       It affects your dexterity (+4).
   Fly:       It grants you flight.
   *Rage:     It berserks you when you make melee attacks (+20% chance).
   Will:      It increases your willpower.
Missiles
 d - 5 boomerangs of dispersal (quivered)
 h - 58 stones
 m - 3 javelins
 o - 19 arrows
 u - 2 datura-tipped darts
 v - 27 sling bullets
Armour
 j - a +3 ring mail (worn)
 r - a +0 cloak (worn)
Jewellery
 b - a +6 ring of intelligence (left hand)
 l - an amulet of regeneration (around neck)
 n - a ring of fire
 t - a ring of ice
Scrolls
 c - a scroll of blinking
 e - a scroll of identify {unknown}
 g - a scroll of silence {unknown}
 k - 2 scrolls of fear {unknown}
Potions
 f - a potion of mutation {unknown}
 i - a potion of degeneration {unknown}
 q - a potion of heal wounds {unknown}
 s - a potion of curing {unknown}
 w - a potion of might {unknown}


   Skills:
 + Level 5.1 Fighting
 + Level 2.1 Short Blades
 + Level 2.1 Long Blades
 + Level 2.1 Axes
 + Level 2.1 Maces & Flails
 + Level 5.1 Polearms
 + Level 2.1 Staves
 + Level 2.1 Slings
 + Level 2.1 Bows
 + Level 2.1 Crossbows
 + Level 3.4 Throwing
 + Level 3.4 Armour
 + Level 5.1 Dodging
 + Level 2.1 Stealth
 + Level 2.1 Shields
 + Level 2.1 Unarmed Combat
 + Level 5.4 Spellcasting
 + Level 1.7 Conjurations
 + Level 1.7 Hexes
 + Level 1.7 Summonings
 + Level 1.7 Necromancy
 + Level 5.7 Translocations
 + Level 1.7 Transmutations
 + Level 1.7 Fire Magic
 + Level 1.7 Ice Magic
 + Level 1.7 Air Magic
 + Level 1.7 Earth Magic
 + Level 1.7 Poison Magic
 + Level 2.4 Invocations
 + Level 2.1 Evocations


You had 13 spell levels left.
You knew the following spells:

 Your Spells              Type           Power      Damage    Failure   Level
a - Blink                 Tloc           50%        N/A       3%          2

Your spell library contained the following spells:

 Spells                   Type           Power      Damage    Failure   Level
 Gell's Gravitas          Tloc           25%        N/A       8%          3
 Lesser Beckoning         Tloc           25%        N/A       8%          3
 Teleport Other           Tloc           25%        N/A       8%          3
 Summon Small Mammal      Summ           44%        N/A       13%         1
 Call Canine Familiar     Summ           11%        N/A       36%         3
 Conjure Flame            Conj/Fire      11%        6-21      36%         3
 Ignite Poison            Fire/Tmut/Pois 11%        N/A       36%         3
 Summon Guardian Golem    Hex/Summ       11%        N/A       36%         3
 Manifold Assault         Tloc           25%        N/A       56%         5
 Sticky Flame             Conj/Fire      11%        2d3       78%         4


Dungeon Overview and Level Annotations

Branches:
Dungeon (4/15)
 Temple: D:4-7

Altars:

Shops:
D:2 (

Annotations:
D:3 Pikel


Innate Abilities, Weirdness & Mutations

You have very sharp teeth.
Your uncanny sense of smell can sniff out nearby items.
Your experience applies equally to all skills.


Message History

You see here a +0 whip.
The lemure barely misses you. The lemure barely misses you.
You hit Pikel. You drain Pikel.
Pikel is moderately wounded.
Pikel barely misses you. The lemure hits you.
You barely miss Pikel.
Pikel is moderately wounded.
Pikel hits you but does no damage. The lemure barely misses you.
The lemure closely misses you. Pikel hits you but does no damage.
You closely miss Pikel. Your bite misses Pikel.
Pikel is lightly wounded.
The lemure misses you. The lemure hits you but does no damage.
Pikel closely misses you. The lemure hits you but does no damage.
You hit Pikel. You drain Pikel. You bite Pikel, but do no damage.
Pikel is moderately wounded.
The lemure barely misses you. Pikel hits you but does no damage.
The lemure barely misses you. The lemure closely misses you.
You closely miss Pikel.
Pikel is moderately wounded.
Pikel barely misses you. The lemure hits you! The lemure closely misses you.
Pikel hits you with a +2 whip of electrocution.
You are electrocuted!!
You hit Pikel. You drain Pikel. You bite Pikel, but do no damage.
Pikel is severely wounded.
The lemure completely misses you. The lemure hits you but does no damage.
Pikel barely misses you.
You hit Pikel.
Pikel is severely wounded.
The lemure hits you. The lemure hits you but does no damage. Pikel misses you.
The lemure hits you.
* * * LOW HITPOINT WARNING * * *
The lemure barely misses you.
Unknown command.
You closely miss Pikel.
Pikel is severely wounded.
Pikel hits you with a +2 whip of electrocution.
* * * LOW HITPOINT WARNING * * *
You are electrocuted!!
You die...

#........#
#......
########......###
#####..
#.............##
##.
#.......5......#
♣..
#........5.)..)#
♣♣. #
#......###.###.#
♣♣ #
#......#.....#.#
♣ #
#.....5#K[...#.#
♣ #
#.....55@......#
♣♣ #
#......#5>...#.#
♣) #
#####..#.....#.#
##) ####
#..###.###.# #))
...########
#..........# #))
..........#
#)...####### #).
..........#
###### ###
..........#
..........#


You could see Pikel (drained) and 4 lemures.

Vanquished Creatures
  Grinder (D:3)
  Crazy Yiuf (D:3)
  An orc priest (D:4)
  Jessica (D:3)
  A gnoll (D:1)
  6 adders
  A worm (D:2)
  A dart slug (D:2)
  2 orcs (D:4)
  4 bats (D:2)
  5 endoplasms
  8 giant cockroaches
  5 hobgoblins
  6 kobolds
  3 quokkas
  5 ball pythons
  3 frilled lizards
  7 goblins
  8 rats
69 creatures vanquished.

Notes
Turn   | Place    | Note
-------+----------+-------------------------------------------
     0 | D:1      | Ablot the Gnoll Warper began the quest for the Orb.
     0 | D:1      | Reached XP level 1. HP: 20/20 MP: 6/6
    34 | D:1      | Found a faded altar of an unknown god.
    75 | D:1      | Reached XP level 2. HP: 13/26 MP: 7/7
    78 | D:1      | Learned a level 2 spell: Blink
   882 | D:1      | Reached skill level 5 in Spellcasting
   882 | D:1      | Reached XP level 3. HP: 31/31 MP: 7/9
  1203 | D:2      | Reached skill level 1 in Invocations
  1299 | D:2      | Reached skill level 1 in Short Blades
  1299 | D:2      | Reached skill level 1 in Long Blades
  1299 | D:2      | Reached skill level 1 in Axes
  1299 | D:2      | Reached skill level 1 in Maces & Flails
  1299 | D:2      | Reached skill level 1 in Staves
  1299 | D:2      | Reached skill level 1 in Slings
  1299 | D:2      | Reached skill level 1 in Bows
  1299 | D:2      | Reached skill level 1 in Crossbows
  1299 | D:2      | Reached skill level 1 in Stealth
  1299 | D:2      | Reached skill level 1 in Shields
  1299 | D:2      | Reached skill level 1 in Unarmed Combat
  1299 | D:2      | Reached skill level 1 in Evocations
  1397 | D:2      | Found Houpp's Weapon Boutique.
  1414 | D:2      | Reached XP level 4. HP: 33/38 MP: 11/11
  1741 | D:2      | Reached skill level 1 in Conjurations
  1741 | D:2      | Reached skill level 1 in Hexes
  1741 | D:2      | Reached skill level 1 in Summonings
  1741 | D:2      | Reached skill level 1 in Necromancy
  1741 | D:2      | Reached skill level 1 in Transmutations
  1741 | D:2      | Reached skill level 1 in Fire Magic
  1741 | D:2      | Reached skill level 1 in Ice Magic
  1741 | D:2      | Reached skill level 1 in Air Magic
  1741 | D:2      | Reached skill level 1 in Earth Magic
  1741 | D:2      | Reached skill level 1 in Poison Magic
  2029 | D:3      | Noticed Jessica
  2032 | D:3      | Killed Jessica
  2033 | D:3      | Reached XP level 5. HP: 43/43 MP: 12/12
  2280 | D:3      | Found a runed translucent door.
  2280 | D:3      | Identified the +4 mace of Famine {drain, *Rage Fly Will+
                  | Dex+4}
  2287 | D:3      | Noticed Crazy Yiuf
  2293 | D:3      | Killed Crazy Yiuf
  2507 | D:3      | Noticed Grinder
  2523 | D:3      | Paralysed by Grinder for 7 turns
  2537 | D:3      | Killed Grinder
  2538 | D:3      | Reached skill level 5 in Fighting
  2538 | D:3      | Reached skill level 5 in Polearms
  2538 | D:3      | Reached skill level 5 in Dodging
  2538 | D:3      | Reached XP level 6. HP: 21/51 MP: 14/14
  2836 | D:4      | Noticed Pikel
  2887 | D:3      | Mangled by Pikel

Illustrated notes

Levels and vault maps discovered:
D:1:      saegor_arrival_simple_a, layout_loops_ring,
          hellmonk_ecumenical_altar_prayer_group
D:2:      kb_forest_paths, layout_basic, serial_shops, nicolae_square_shop
D:3:      layout_basic, amethyst_killhole, st_stairs_3, uniq_grinder,
          uniq_crazy_yiuf_cottage, uniq_jessica
D:4:      layout_cave_pools, uniq_edmund, uniq_pikel

Skill      XL: |  1  2  3  4  5 |
---------------+----------------+-----
Spellcasting   | 5 |  5.4
Invocations    | 1 2 |  2.4
Short Blades   | 1 2 |  2.1
Long Blades    | 1 2 |  2.1
Axes           | 1 2 |  2.1
Maces & Flails | 1 2 |  2.1
Staves         | 1 2 |  2.1
Slings         | 1 2 |  2.1
Bows           | 1 2 |  2.1
Crossbows      | 1 2 |  2.1
Stealth        | 1 2 |  2.1
Shields        | 1 2 |  2.1
Unarmed Combat | 1 2 |  2.1
Evocations     | 1 2 |  2.1
Conjurations   | 1 |  1.7
Hexes          | 1 |  1.7
Summonings     | 1 |  1.7
Necromancy     | 1 |  1.7
Transmutations | 1 |  1.7
Fire Magic     | 1 |  1.7
Ice Magic      | 1 |  1.7
Air Magic      | 1 |  1.7
Earth Magic    | 1 |  1.7
Poison Magic   | 1 |  1.7
Throwing       | 3 |  3.4
Armour         | 3 |  3.4
Fighting       | 5 |  5.1
Polearms       | 5 |  5.1
Dodging        | 5 |  5.1
Translocations | |  5.7

Action                   |  1- 3 |  4- 6 || total
-------------------------+-------+-------++-------
Melee: Spear             |   121 |    66 ||   187
       Punch             |     3 |     3 ||     6
       Bite              |     8 |    10 ||    18
       Mace              |       |    53 ||    53
 Stab: Sleeping          |     1 |     1 ||     2
Armor: Leather armour    |    10 |       ||    10
       Ring mail         |    14 |    47 ||    61
Dodge: Dodged            |    42 |    65 ||   107
